 Dungeon Crawl Stone Soup version 0.29.1-2-gbd0b4ee654 (webtiles) character file.

Game seed: 3702652067064498587

37 zermelo the Sneak (level 3, -1/30 HPs)
             Began as a Formicid Delver on Nov 30, 2022.
             Slain by an adder (3 damage)
             ... in a sewer.
             The game lasted 00:13:28 (1701 turns).

zermelo the Sneak (Formicid Delver)                 Turns: 1701, Time: 00:13:28

Health: -1/30      AC:  3    Str: 18    XL:     3   Next: 60%
Magic:  3/3        EV: 12    Int:  9    God:
Gold:   7          SH:  0    Dex: 15    Spells: 2/2 levels left

rFire   . . .      SeeInvis +   a - +0 hand axe
rCold   . . .      Faith    .   (no shield)
rNeg    . . .      Spirit   .   b - +0 leather armour
rPois   .          Reflect  .   (helmet unavailable)
rElec   .          Harm     .   (no cloak)
rCorr   .          Rampage  .   (no gloves)
Will    .....                   (no boots)
Stlth   ++........              (no amulet)
HPRegen 0.10/turn               (no ring)
MPRegen 0.08/turn               (no ring)

@: very slow
A: permanent stasis, dig shafts and tunnels, antennae 3, four strong arms
a: Dig


You were in a sewer.
You visited 1 branch of the dungeon, and saw 1 of its levels.
You also visited: Sewer.

You collected 7 gold pieces.

Inventory:

Hand Weapons
 a - a +0 hand axe (weapon)
Armour
 b - a +0 leather armour (worn)
Wands
 f - a wand of digging (3)
Scrolls
 c - a scroll of fog
 d - a scroll of teleportation {unknown}
 e - a scroll of fear
Potions
 g - a potion of might {unknown}


   Skills:
 + Level 3.7 Fighting
 + Level 2.5 Axes
 + Level 2.2 Dodging
 + Level 6.3 Stealth


You had 2 spell levels left.
You didn't know any spells.
Your spell library was empty.

Dungeon Overview and Level Annotations

Branches:
Dungeon (5/15)              Sewer (1/1)
 Temple: D:4-7

Altars:

Shops:
D:5 [


Innate Abilities, Weirdness & Mutations

You cannot be hasted, slowed, berserked, paralysed or teleported.
You can dig through walls and to a lower floor.
You have a pair of large antennae on your head. (SInv)
Your four strong arms can wield two-handed weapons with a shield.


Message History

The ball python bites you. The ball python constricts you.
The giant cockroach bites you but does no damage.
The adder bites you but does no damage.
The ball python bites you but does no damage.
The ball python constricts you.
You barely miss the ball python.
The ball python is severely wounded.
You miss the adder. You hit the giant cockroach. The giant cockroach bites you.
The adder bites you but does no damage. The ball python closely misses you.
The ball python constricts you. The giant cockroach bites you.
The adder bites you.
You hit the ball python.
You kill the ball python!
You miss the adder. You hit the giant cockroach. The adder misses you.
The giant cockroach splashes around in the water.
Your unstable footing causes you to fumble your attack.
The adder bites you.
* * * LOW HITPOINT WARNING * * *
The giant cockroach bites you.
* * * LOW HITPOINT WARNING * * *
The adder bites you but does no damage. The giant cockroach barely misses you.
You closely miss the giant cockroach.
The giant cockroach is almost dead.
You miss the adder. The adder closely misses you.
The giant cockroach closely misses you.
You hit the adder but do no damage.
The adder is severely wounded.
You hit the giant cockroach but do no damage.
The adder bites you.
* * * LOW HITPOINT WARNING * * *
The giant cockroach splashes around in the water.
The adder bites you but does no damage.
You barely miss the adder.
The adder is severely wounded.
You hit the giant cockroach.
You kill the giant cockroach!
The adder closely misses you.
Your unstable footing causes you to fumble your attack.
The adder misses you. The adder bites you.
You die...

##~~~†~~~.~.~##
##~~~~†~~~~.~.~####
##~.~.~#####~.~.~##∩#
#~~~~###~~~###~~~~#~~
#~~~##~~~~~~~##.~~#..
##~~##~~~~~~.~~##.~##.
#.~~#~.~~~.~~~~.#~~~#.
#~~##~S~#####~~~##~~#~
##~~#~@†##{ ~~ #~~##
#~~~#~~## ~ #~~.#
#~~##~~# { { ###~#
#~~#~~## #.# #~.#~~# {
{ #~# #~~#~~# { #†#
#~~#~~# { { ##~#
#~.#.~# { #~.# #~~#~~#
{ #~.#


You could see an adder.

Vanquished Creatures
  An orc (D:5)
  4 endoplasms (Sewer)
  5 giant cockroaches (Sewer)
  6 quokkas (Sewer)
  9 ball pythons (Sewer)
  5 frilled lizards (Sewer)
  A rat (D:5)
31 creatures vanquished.

Notes
Turn   | Place    | Note
-------+----------+-------------------------------------------
     0 | D:5      | zermelo the Formicid Delver began the quest for the Orb.
     0 | D:5      | Reached XP level 1. HP: 18/18 MP: 1/1
    50 | D:5      | Found Rishrozath's Antique Armour Boutique.
    94 | D:5      | Noticed a scorpion
   120 | D:5      | Found a glowing drain.
   203 | Sewer    | Entered a sewer
   407 | Sewer    | Reached XP level 2. HP: 22/24 MP: 2/2
  1003 | Sewer    | Reached XP level 3. HP: 19/29 MP: 3/3
  1701 | Sewer    | Slain by an adder

Illustrated notes

Levels and vault maps discovered:
D:5:      layout_loops_ring, portal_sewer_entry_a, serial_shops,
          nicolae_lakefront_shop, uniq_prince_ribbit1
Sewer:    sewer_frog_island_02

Skill      XL: |  1  2 |
---------------+-------+-----
Dodging        | 2 |  2.2
Fighting       | |  3.7
Axes           | |  2.5
Stealth        | |  6.3

Action                   || total
-------------------------++-------
Melee: Hand axe          ||   127
       Punch             ||     1
  Use: Scroll            ||     1
Armor: Leather armour    ||    46
Dodge: Dodged            ||   114
